 Dungeon Crawl Stone Soup version 0.14-a0-736-g2a71271 (webtiles) character file.

164 Malachi the Ruffian (level 4, -6/35 HPs)
             Began as a Draconian Transmuter on Nov 7, 2013.
             Killed by divine providence
             ... invoked by an orc priest
              (13 damage)
             ... on Level 3 of the Dungeon.
             The game lasted 00:04:12 (2396 turns).

Malachi the Ruffian (Draconian Transmuter)          Turns: 2396, Time: 00:04:12

HP  -6/35        AC  2     Str 18      XL: 4   Next: 34%
MP   3/6         EV 20     Int 21      God:
Gold 73          SH  0     Dex 16      Spells:  3 memorised,  1 level left

Res.Fire  : . . .   See Invis. : .     - Unarmed
Res.Cold  : . . .   Warding    : .   (armour unavailable)
Life Prot.: . . .   Conserve   : .   (shield currently unavailable)
Res.Poison: x       Res.Corr.  : .   (helmet currently unavailable)
Res.Elec. : .       Clarity    : .   (cloak currently unavailable)
Sust.Abil.: . .     Spirit.Shd : .   (gloves currently unavailable)
Res.Mut.  : .       Stasis     : .   (boots currently unavailable)
Res.Rott. : .       Flight     : .   (no amulet)
Saprovore : . . .                    (no ring)
                                     (no ring)

@: spider-form, mighty, brilliant, very slightly contaminated, hasted, very
quick, slightly resistant to hostile enchantments, unstealthy
A: unfitting armour, AC +5, Int +2
a: End Transformation


You were on level 3 of the Dungeon.
You were very hungry.
You were in spider-form.
You visited 1 branch of the dungeon, and saw 3 of its levels.

You collected 73 gold pieces.

Inventory:

Missiles
 b - 11 arrows
Comestibles
 a - 2 bread rations
 i - a pear
 l - a choko
 t - 3 rotting chunks of orc flesh
Scrolls
 e - a scroll of amnesia {unknown}
 g - 2 scrolls of fog {unknown}
 h - a scroll of magic mapping {unknown}
 j - a scroll of enchant weapon II {unknown}
 m - 2 scrolls of teleportation {unknown}
 n - a scroll of identify {unknown}
 o - a scroll of enchant weapon I {unknown}
 q - a scroll of curse weapon {unknown}
 r - a scroll of recharging {unknown}
 s - a scroll of noise {unknown}
Potions
 k - a potion of might
Books
 d - a book of Changes

   Spells                             Type                      Level
   *Beastly Appendage                 Transmutation                1
   *Sticks to Snakes                  Transmutation                2
   *Spider Form                       Transmutation/Poison         3
   Ice Form                           Ice/Transmutation            4
   Blade Hands                        Transmutation                5


   Skills:
 - Level 1.2 Fighting
 - Level 2.3 Dodging
 - Level 4.0 Unarmed Combat
 - Level 2.0 Spellcasting
 * Level 2.9 Transmutations
 * Level 1.2 Poison Magic


You had one spell level left.
You knew the following spells:

 Your Spells              Type           Power        Failure   Level  Hunger
a - Beastly Appendage     Trmt           ####..       2%          1    #......
b - Sticks to Snakes      Trmt           ####......   3%          2    ##.....
c - Spider Form           Trmt/Pois      ###.......   5%          3    ###....


Dungeon Overview and Level Annotations

Branches:
Dungeon (3/27)

Altars:


Innate Abilities, Weirdness & Mutations

((Your plain brown scales are hard (AC +5).))*
Your body does not fit into most forms of armour.
Your cold-blooded metabolism reacts poorly to cold.
Your mind is acute. (Int +2)


Message History

It was a potion of might.
Drink which item? (? for menu, Esc to quit)
You feel more clever all of a sudden.
It was a potion of brilliance.
Drink which item? (? for menu, Esc to quit)
You suddenly lose the ability to move!
It was a potion of paralysis.
You can move again.
Casting: Beastly Appendage
Confirm with . or Enter, or press ? or * to list all spells.
Your talons disappear.
You turn into a venomous arachnid creature.
The orc priest closely misses you.
Unknown command.
You are too injured to fight recklessly!
You are too injured to fight recklessly!
You bite the orc priest!
The orc priest is heavily wounded.
The orc priest calls down the wrath of Beogh upon you.
Something smites you!
You die...

#.# . #+### #.# #.#
....# #.# #.# ....#
#.# #.# ....# #.# #.#
....# #.# #.#
....#####.# #..
.....##...# #.#####
#.##.##.### #.gos.#
#...)...# #.###.#
####.##.# #.# ...
.....##.# #(# ...#
.....o(.#####(###...#
.....##...#)........#
.....##..().g.....###
.....##.#.#.#.###.#
.....##.....#.# .#


You could see an orc priest and a goblin.

Vanquished Creatures
  A gnoll (D:2)
  2 adders
  A giant mite (D:2)
  A worm (D:2)
  3 giant geckos
  An orc (D:2)
  A giant cockroach (D:2)
  6 hobgoblins
  5 kobolds
  A quokka (D:2)
  A ball python (D:2)
  6 bats
  2 giant newts
  6 goblins
  4 rats
41 creatures vanquished.

Vanquished Creatures (collateral kills)
  An adder (D:2)
1 creature vanquished.

Grand Total: 42 creatures vanquished

Notes
Turn   | Place    | Note
--------------------------------------------------------------
     0 | D:1      | Malachi, the Draconian Transmuter, began the quest for the Orb.
     0 | D:1      | Reached XP level 1. HP: 16/16 MP: 1/1
   379 | D:1      | Reached XP level 2. HP: 20/23 MP: 3/3
   663 | D:1      | Gained mutation: Your mind is acute. (Int +2) [potion of mutation]
  1004 | D:2      | Reached XP level 3. HP: 28/28 MP: 4/4
  1008 | D:2      | Learned a level 2 spell: Sticks to Snakes
  1012 | D:2      | Learned a level 3 spell: Spider Form
  1210 | D:2      | Reached skill level 4 in Unarmed Combat
  1735 | D:3      | Reached XP level 4. HP: 27/35 MP: 4/6
  2188 | D:2      | Reached skill level 1 in Poison Magic
  2392 | D:3      | Paralysed by a potion of paralysis for 2 turns
  2396 | D:3      | Killed from afar by an orc priest

Action                   |  1- 3 |  4- 6 || total
-------------------------+-------+-------++-------
Melee: Unarmed           |   121 |    48 ||   169
 Cast: Beastly Appendage |     3 |     3 ||     6
       Spider Form       |     2 |     2 ||     4
       Sticks to Snakes  |       |     1 ||     1
 Abil: End Transformatio |     2 |     1 ||     3
  Use: Potion            |     1 |     4 ||     5
